 Dungeon Crawl Stone Soup version 0.25.1-8-g42b30a86e7 (webtiles) character file.

Game seed: 15597203210237640286

217 Clowwww the Chopper (level 5, -2/42 HPs)
             Began as a Demonspawn Fighter on Dec 26, 2020.
             Slain by an ogre
             ... wielding a +0 giant club
              (3 damage)
             ... on level 4 of the Dungeon.
             The game lasted 00:03:57 (2916 turns).

Clowwww the Chopper (Demonspawn Fighter)            Turns: 2916, Time: 00:03:58

Health: -2/42      AC: 10    Str: 18    XL:     5   Next: 62%
Magic:  5/5        EV:  7    Int:  9    God:
Gold:   112        SH:  9    Dex: 12    Spells: 4/4 levels left

rFire    . . .     SeeInvis .   a - +0 war axe
rCold    . . .     Gourm    .   g - +0 kite shield
rNeg     + . .     Faith    .   b - +0 scale mail
rPois    .         Spirit   .   (no helmet)
rElec    .         Reflect  .   (no cloak)
rCorr    .         Harm     .   t - +0 pair of gloves
MR       .....                  (no boots)
Stlth    ..........             (no amulet)
HPRegen  0.14/turn              j - ring of positive energy
MPRegen  0.09/turn              (no ring)

@: mighty
A: hooves 1, yellow scales 1, spiny 1
a: no special abilities


You were on level 4 of the Dungeon.
You were hungry.

You visited 1 branch of the dungeon, and saw 4 of its levels.

You collected 112 gold pieces.

Inventory:

Hand Weapons
 a - a +0 war axe (weapon)
Armour
 b - a +0 scale mail (worn)
 c - a +0 kite shield
 g - a +0 kite shield (worn)
 t - a +0 pair of gloves (worn)
Jewellery
 j - a ring of positive energy (left hand)
 u - an uncursed ring of stealth {unknown}
Scrolls
 h - 2 scrolls of noise {unknown}
 i - 2 scrolls of immolation {unknown}
 l - 3 scrolls of identify {unknown}
 m - 2 scrolls of enchant weapon {unknown}
 p - a scroll of teleportation {unknown}
 q - a scroll of fog {unknown}
 s - a scroll of remove curse {unknown}
 v - a scroll of magic mapping {unknown}
Potions
 e - a potion of mutation {unknown}
 k - a potion of haste {unknown}
 n - a potion of flight {unknown}
 o - 2 potions of heal wounds {unknown}
 r - a potion of magic {unknown}
 w - a potion of brilliance {unknown}
Comestibles
 f - 8 rations


   Skills:
 + Level 3.7 Fighting
 + Level 3.9 Axes
 + Level 3.5 Armour
 + Level 0.3 Dodging
 + Level 0.5 Stealth
 + Level 3.1 Shields


You had 4 spell levels left.
You didn't know any spells.
Your spell library was empty.

Dungeon Overview and Level Annotations

Branches:
Dungeon (4/15)
 Temple: D:4-7

Altars:
Vehumet


Innate Abilities, Weirdness & Mutations

You have large cloven feet.
You are partially covered in yellow scales. (AC +2)
You are partially covered in sharp spines.


Message History

You closely miss the ogre. Your kick misses the ogre.
The ogre is heavily wounded.
You closely miss the phantom.
You completely miss the giant cockroach.
You block the giant cockroach's attack. The phantom is struck by your spines.
The phantom barely misses you.
The giant cockroach is struck by your spines.
The giant cockroach bites you but does no damage.
The ogre hits you with a +0 giant club!!
* * * LOW HITPOINT WARNING * * *
The phantom is struck by your spines. The phantom hits you.
* * * LOW HITPOINT WARNING * * *
The phantom blinks!
Okay, then.
You hit the ogre. Your kick misses the ogre.
The ogre is severely wounded.
You hit the giant cockroach.
You kill the giant cockroach!
The ogre is struck by your spines. The ogre hits you with a +0 giant club.
You die...

....... #........
.>.......
#........ ..
####........ ..##
#...........
....###.........#
#.#...=..<......##
#......O@§.......
###.....W†.......
#..............
#...†..........
#................
#.................
..................
..........#.......
.........##.......


You could see a phantom and an ogre.

Vanquished Creatures
  A howler monkey (D:4)
  A centaur skeleton (D:2)
  An orc wizard (D:3)
  4 adders
  A worm (D:2)
  A dart slug (D:1)
  4 leopard geckos
  7 orcs (D:3)
  A ball python (D:2)
  5 giant cockroaches
  9 goblins
  6 hobgoblins
  4 jackals (D:3)
  A quokka (D:3)
  6 bats
  6 frilled lizards
  9 kobolds
  2 rats
69 creatures vanquished.

Vanquished Creatures (others)
  An orc priest (D:3)
  An orc (D:3)
2 creatures vanquished.

Grand Total: 71 creatures vanquished

Notes
Turn   | Place    | Note
-------+----------+-------------------------------------------
     0 | D:1      | Clowwww the Demonspawn Fighter began the quest for the Orb.
     0 | D:1      | Reached XP level 1. HP: 18/18 MP: 1/1
   223 | D:1      | Gained mutation: You have large cloven feet. [demonic
                  | ancestry]
   223 | D:1      | Reached XP level 2. HP: 24/24 MP: 2/2
   966 | D:2      | Reached XP level 3. HP: 29/29 MP: 3/3
  1051 | D:2      | Gained mutation: You are partially covered in sharp spines.
                  | [demonic ancestry]
  1051 | D:2      | Reached XP level 4. HP: 12/35 MP: 4/4
  2211 | D:3      | Found a radiant altar of Vehumet.
  2245 | D:3      | Gained mutation: You are partially covered in yellow
                  | scales. (AC +2) [demonic ancestry]
  2245 | D:3      | Reached XP level 5. HP: 41/41 MP: 5/5
  2901 | D:4      | Noticed a phantom
  2902 | D:4      | Noticed an ogre
  2915 | D:4      | HP: 1/42 [phantom (5)]
  2916 | D:4      | Slain by an ogre

Illustrated notes

Levels and vault maps discovered:
D:1:      roderic_octagonal_star, layout_basic
D:2:      layout_loops_ring
D:3:      layout_loops_corners, fiery_altar_vehumet, first_ration,
          minmay_misc_feat_alley, hangedman_decor_riveting, serial_bayou_pond_a,
          bh_walls_and_bars
D:4:      layout_rooms, chequers_temple_overflow_minitemple

Skill      XL: |  1  2  3  4 |
---------------+-------------+-----
Axes           | 2 3 |  3.9
Armour         | 3 |  3.5
Shields        | 3 |  3.1
Fighting       | |  3.7
Dodging        | |  0.3
Stealth        | |  0.5

Action                   |  1- 3 |  4- 6 || total
-------------------------+-------+-------++-------
Melee: War axe           |    81 |    86 ||   167
       Kick              |     9 |    20 ||    29
  Use: Potion            |       |     1 ||     1
 Stab: Distracted        |     1 |       ||     1
  Eat: Chunk             |       |     6 ||     6
Armor: Scale mail        |    42 |    29 ||    71
Dodge: Dodged            |    13 |    25 ||    38
Block: Kite shield       |    46 |    42 ||    88
